[Event "1st Chessable Sunway Formentera 2022"]
[Site "Formentera Punta Prima"]
[Date "2022.05.05"]
[Round "7.13"]
[White "Mouhamad, Joachim"]
[Black "Bergez, Luc"]
[Result "1/2-1/2"]
[ECO "C70"]
[WhiteElo "2290"]
[BlackElo "2331"]
[Annotator "TA"]
[PlyCount "151"]
[EventDate "2022.05.05"]
[EventType "swiss"]
[EventCountry "ESP"]
[SourceTitle "playchess.com"]
[Source "ChessBase"]
[SourceQuality "1"]
[TimeControl "40/5400+30:1800+30"]

1. e4 e5 2. Nf3 Nc6 3. Bb5 a6 4. Ba4 Bc5 5. c3 b5 6. Bb3 d6 7. a4 {[%emt 0:01:04] C70: Ruy Lopez: 3...a6 4 Ba4, Norwegian and Delayed Schliemann.} Ba7 8. O-O Nf6 9. Re1 (9. axb5 $14 {is superior.} axb5 10. d4) 9... O-O $11 10. h3 {[%emt 0:02:34] [#]} h6 $146 ({Predecessor:} 10... Bb7 11. d3 h6 12. Na3 b4 13. Nc2 a5 14. Ne3 Re8 15. Nf5 Ne7 16. Ng3 c5 {1-0 (48) Bucinskas,V-Komarovs,J Marijampole 1996}) 11. d4 Bb7 12. Be3 exd4 ({Don't take} 12... Nxe4 13. d5 Bxe3 14. Rxe3 $16) 13. cxd4 Nb4 (13... Nxe4 14. d5 Na5 15. Bxa7 Nxb3 16. Qxb3 $18) 14. d5 (14. axb5 {keeps more tension.} Bxe4 15. bxa6 c5 16. Nbd2) 14... Bxe3 15. Rxe3 c5 16. dxc6 Bxc6 (16... Nxc6 $11 17. Nc3 b4) 17. Nc3 bxa4 18. Bxa4 Bxa4 19. Rxa4 a5 20. Nd4 g6 {[%emt 0:00:42] Against Nf5} 21. Ndb5 Ra6 22. Ra1 Qe7 23. Qd2 Rb8 24. Rd1 Ne8 25. Nd4 Kh7 26. Rf3 Rb7 27. Re1 Qe5 28. Nd5 Qg7 (28... Qg5 $14 29. Qe2 Ra8) 29. Rb3 $16 {[%emt 0:19:14] White is much more active.} Nc7 30. Nxb4 Rab6 {[%emt 0:02:49] [#]} (30... axb4 $16 31. Rxb4 Rxb4 32. Qxb4 Qe5) 31. Nbc6 $1 Rxb3 32. Nxb3 Rxb3 33. Qxd6 Nb5 {[%emt 0:00:12] [#]} (33... Ne6 $16 {was worth a try.}) 34. Qd8 $1 $18 a4 $2 (34... h5 35. Nxa5 (35. Qxa5 Qf6 $16) 35... Rxb2) 35. e5 {[%emt 0:01:10] Black must now prevent e6.} Rxb2 36. e6 fxe6 {[%emt 0:03:42] [#] aiming for ...a3.} 37. Rxe6 $2 (37. Rd1 $1 $18 {[%cal Rd1d7] and the rest is easy. Hoping for Rd7.} Nd6 38. Qxd6) 37... Rb1+ $16 38. Kh2 {[%emt 0:00:13] Strongly threatening Re7.} Qc7+ 39. Qxc7+ Nxc7 {[%emt 0:00:08][%mdl 4096] Endgame KRN-KRN} 40. Re7+ Kh8 41. Rxc7 {[%emt 0:07:55] KRN-KR} Rc1 {[%emt 0:00:20] [#]} 42. Ra7 $1 Rxc6 43. Rxa4 {[%emt 0:00:05] KR-KR} Kg7 44. h4 h5 45. Ra7+ Kf6 46. Ra3 Rc4 47. Ra6+ Kf5 48. Kh3 Rc3+ 49. f3 Rb3 50. Ra8 Kf6 51. Rf8+ Kg7 52. Rf4 Ra3 53. Rb4 Rc3 54. Kg3 Rc2 55. Kh3 Rc3 $1 56. Rf4 Ra3 $1 57. g3 Ra2 58. g4 hxg4+ 59. Rxg4 Kf6 60. Rb4 Ra6 61. Kg4 Rc6 62. Rb7 Rc4+ 63. Kg3 Rc6 64. Rh7 Rc4 65. Rh8 Ra4 66. Rf8+ Kg7 67. Rc8 Ra6 68. Kg4 Ra4+ 69. f4 Ra5 {[%emt 0:01:08] The position is equal.} 70. Re8 Kf6 71. Re5 Ra1 72. Re3 Rg1+ 73. Rg3 Rf1 74. Rg2 Rh1 75. Kg3 Kf5 76. Rf2 {[%emt 0:03:16] Black escapes into a draw.  Weighted Error Value: White=0.19 (very precise) /Black=0.17 (very precise)} 1/2-1/2

[Event "1st Chessable Sunway Formentera 2022"]
[Site "Formentera Punta Prima"]
[Date "2022.05.05"]
[Round "7.14"]
[White "Chkhaidze, Nikoloz"]
[Black "Munoz Suarez, Luis Alberto"]
[Result "1-0"]
[ECO "E94"]
[WhiteElo "2301"]
[BlackElo "1907"]
[Annotator "TA"]
[PlyCount "67"]
[EventDate "2022.05.05"]
[EventType "swiss"]
[EventCountry "ESP"]
[SourceTitle "playchess.com"]
[Source "ChessBase"]
[SourceQuality "1"]
[TimeControl "40/5400+30:1800+30"]

1. d4 Nf6 2. c4 g6 3. Nc3 Bg7 4. e4 d6 5. Nf3 O-O 6. Be2 Nbd7 7. O-O e5 8. Be3 Ng4 9. Bg5 f6 10. Bc1 Nh6 11. h3 Nf7 {[%emt 0:16:31] E94: King's Indian: Classical: 6 Be2 e5 7 0-0: Various Black 7th moves.} 12. Be3 Re8 13. Qc2 c6 {[%emt 0:11:36] [#] White is slightly better.} 14. d5 $146 ({Predecessor:} 14. b4 Bh6 15. Bxh6 Nxh6 16. Rfd1 Qe7 17. d5 Nf8 18. c5 Nf7 19. Bc4 Kg7 20. dxc6 bxc6 21. Bxf7 Qxf7 22. Rxd6 {1-0 (58) Ovod,E (2290)-Kazakov,V (2046) Novgorod 1999}) 14... c5 15. g4 {[%emt 0:05:10] White is much more active. The black rooks are badly placed.} ({Better is} 15. a3 $16) 15... Nf8 16. Kh2 Kh8 17. Nd2 g5 (17... Bh6 $14) 18. Rfb1 $16 Ng6 19. Nf1 Nf4 20. Ng3 h5 21. b4 (21. Nxh5 $142 Bd7 22. Ng3) 21... hxg4 22. Bxg4 (22. bxc5 $16 gxh3 23. cxd6) 22... Bxg4 (22... cxb4 $11 {remains equal.} 23. Rxb4 Nh6) 23. hxg4 Bf8 (23... Nh6 $16) 24. bxc5 dxc5 25. f3 ({Resist} 25. Rxb7 $6 Nd6 26. Rbb1 Qd7 $16) 25... b6 26. Rh1 Kg7 $2 {[%emt 0:00:49] [#]} (26... Ng6 27. Nf5 Kg8) 27. Bxf4 {[%emt 0:04:20] White is clearly winning.} gxf4 28. Nf5+ {[%emt 0:00:09] Pair of Knights!} Kg6 29. Kg2 Bg7 30. Rh5 {[%emt 0:02:52][%cal Rf5h4] [#]} Ng5 31. Rah1 Qd7 32. Qf2 {[%emt 0:01:45] And now Qh4 would win.} a6 33. Qh4 {[%emt 0:00:42][%cal Oh5h7] White threatens Rh7! and mate.} Rh8 {[%emt 0:01:10] Prevents Rh7.} 34. Nxg7 {[%emt 0:00:54] Weighted Error Value: White=0.26 (precise) /Black=0.79} 1-0

[Event "1st Chessable Sunway Formentera 2022"]
[Site "Formentera Punta Prima"]
[Date "2022.05.05"]
[Round "7.15"]
[White "Neiman, Emmanuel"]
[Black "Vanduyfhuys, Daria"]
[Result "1-0"]
[ECO "E05"]
[WhiteElo "2248"]
[BlackElo "2063"]
[Annotator "TA"]
[PlyCount "115"]
[EventDate "2022.05.05"]
[EventType "swiss"]
[EventCountry "ESP"]
[SourceTitle "playchess.com"]
[Source "ChessBase"]
[SourceQuality "1"]
[TimeControl "40/5400+30:1800+30"]

1. c4 Nf6 2. g3 e6 3. Bg2 d5 4. Nf3 Be7 5. O-O O-O 6. d4 dxc4 7. Qc2 a6 8. Qxc4 b5 9. Qc2 Bb7 10. Bg5 Nbd7 11. Nbd2 Rc8 12. Bxf6 Nxf6 13. Nb3 Be4 14. Qc1 c5 15. dxc5 {[%emt 0:00:21] E05: Open Catalan: 5 Nf3 Be7.} Qc7 (15... a5 $5 ) 16. Qf4 Qxf4 17. gxf4 {[%emt 0:00:06] The position is equal.} Bxc5 {[%emt 0:01:02] [#]} 18. Rac1 $146 ({Predecessor:} 18. Ne5 Bd6 19. Bxe4 Nxe4 20. Rfc1 g5 21. f3 Nf6 22. Nc6 gxf4 23. a4 b4 24. Rc4 {0-1 (69) Orlinkov,M (2399)-Tunik,G (2503) St Petersburg 2002}) 18... Bb6 19. Ne5 Bxg2 20. Kxg2 a5 21. Nc6 Nd5 {[%emt 0:00:27] Prevents Ne7+.} 22. Kf3 {[%emt 0:01:11] And now e4 would win.} Ra8 (22... Rc7 $11 {remains equal.}) 23. Nc5 {[%emt 0:05:22] Nd7 is the strong threat.} Rfe8 24. Nd3 {[%emt 0:03:47] Pair of Knights!} (24. Nb7 $16) 24... Kf8 $11 25. Nde5 {[%emt 0:02:02] Strongly threatening Nd7+.} Nf6 {[%emt 0:01:59] [#] Prevents Nd7+.} (25... Rec8 $1 $11) 26. Rfd1 $1 $16 {[%emt 0:00:15][%cal Od1d7] Black must now prevent Rd7!} Rec8 {[%emt 0:01:11] [#]} 27. Rd7 $1 $36 {[%emt 0:10:52][%mdl 2560] White is on the roll.} Rc7 28. Rcd1 {[%emt 0:09:08] The board is on fire. White is much more active.} (28. Rxc7 $16 Bxc7 29. Rc5) 28... Nxd7 29. Nxd7+ Rxd7 30. Rxd7 $11 {[%emt 0:00:06][%mdl 4096] Endgame KRB-KRN} Rc8 31. Ne5 f6 32. Nd3 b4 ({Black should play} 32... Rc6 $14) 33. Rd6 $16 Bd8 34. Rxe6 Kf7 35. Ra6 Rc2 36. f5 Rd2 $2 (36... g5 $16) 37. Rd6 (37. Ra7+ $18 Kf8 38. Nf4) 37... Ke7 38. Re6+ Kf7 39. Rc6 ({Better is} 39. Ra6 $18) 39... Rd1 (39... g5 $16 {keeps fighting.}) 40. Rc1 $18 Rxc1 41. Nxc1 {[%emt 0:05:33] KB-KN} Bc7 {[%emt 0:00:52] [#]} 42. h3 Ke7 43. Ke4 Kd6 44. Nd3 Kc6 45. Kd4 g6 (45... Kd6 {might work better.} 46. Kc4 Kc6) 46. fxg6 hxg6 47. f4 Bb6+ $2 (47... Kd6 48. e4 Ke6) 48. Ke4 {[%emt 0:01:48] White is clearly winning.} Kd6 49. f5 g5 50. b3 Bc7 51. Nf2 Kc5 52. Ng4 Bd8 53. Kd3 Kd5 54. e4+ Kd6 55. e5+ fxe5 56. Ke4 Kc5 57. Nxe5 {[%emt 0:02:35][%cal Of5f6] Hoping for f6!} a4 58. Nd3+ {[%emt 0:38:16] Weighted Error Value: White=0.17 (very precise) /Black=0.39} (58. bxa4 $142 Ba5 59. f6) 1-0

[Event "1st Chessable Sunway Formentera 2022"]
[Site "Formentera Punta Prima"]
[Date "2022.05.05"]
[Round "7.16"]
[White "Grutter, Tim"]
[Black "Perkampus, Laurin"]
[Result "1-0"]
[ECO "B76"]
[WhiteElo "2241"]
[BlackElo "2061"]
[Annotator "TA"]
[PlyCount "63"]
[EventDate "2022.05.05"]
[EventType "swiss"]
[EventCountry "ESP"]
[SourceTitle "playchess.com"]
[Source "ChessBase"]
[SourceQuality "1"]
[TimeControl "40/5400+30:1800+30"]

1. e4 c5 2. Nf3 d6 3. d4 cxd4 4. Nxd4 Nf6 5. Nc3 g6 6. Be3 Bg7 7. f3 O-O 8. Qd2 Nc6 9. O-O-O d5 10. exd5 Nxd5 11. Nxc6 bxc6 12. Bd4 e5 13. Bc5 Re8 14. Ne4 {[%emt 0:00:00] B76: Sicilian Dragon: Yugoslav Attack, 9 g4 and 9 0-0-0.} Qc7 {[%emt 0:00:08] seems to push 14...Be6 aside.} 15. g4 Be6 16. h4 {[%emt 0:00:00][%cal Bh2h4,Bh4h5][%mdl 32] White has an edge.} Rad8 17. h5 Nf6 $1 {[%emt 0:05:29] [#]} 18. Bd3 $146 {[%emt 0:00:00] And now hxg6 would win.} ({Predecessor:} 18. Bd6 Nxe4 19. fxe4 Qb6 20. hxg6 hxg6 21. Be2 c5 22. a4 c4 23. a5 Qc6 24. Qb4 Qxe4 {0-1 (55) Kosteniuk,A (2485)-Buss,R (2340) Switzerland 2021}) 18... Nxe4 19. fxe4 Bxg4 20. hxg6 fxg6 21. Rdf1 Be6 22. Qc3 (22. Qh2 Bf8 23. Be3 Bxa2 $15) 22... Bf8 23. Rf6 {[%emt 0:00:00] [#]} (23. Be3 $14) 23... Bg7 $2 {[%emt 0:18:01][%mdl 8192] [#] This move loses the game for Black.} (23... Bxc5 $1 $17 24. Qxc5 Kg7) 24. Rxe6 $1 $18 Rxe6 25. Bc4 {[%emt 0:00:00] A strong pair of Bishops.} Qd7 26. Qd3 Kf7 (26... Bh6+ 27. Kb1 Kf7 28. Bxe6+ Kxe6 29. Rxh6 Qxd3 30. cxd3 Rd7) 27. Bxe6+ Kxe6 28. Qb3+ {[%emt 0:00:00] White mates.} ({Weaker is} 28. Qh3+ Kf7 29. Qb3+ (29. Qxh7 $2 {leads to mate.} Qd2+ 30. Kb1 Qd1+ 31. Rxd1 Rxd1#) (29. Qxd7+ Rxd7 30. Rxh7 g5 $11) 29... Qe6 $11) 28... Kf6 29. Rf1+ Kg5 30. Qg3+ Qg4 31. Be7+ Kh5 32. Rh1+ {[%emt 0:00:00] Weighted Error Value: White=0.12 (very precise) /Black=0.76} 1-0

[Event "1st Chessable Sunway Formentera 2022"]
[Site "Formentera Punta Prima"]
[Date "2022.05.06"]
[Round "8.1"]
[White "Narciso Dublan, Marc"]
[Black "Santos Latasa, Jaime"]
[Result "1/2-1/2"]
[ECO "C01"]
[WhiteElo "2464"]
[BlackElo "2672"]
[Annotator "TA"]
[PlyCount "108"]
[EventDate "2022.05.05"]
[EventType "swiss"]
[EventCountry "ESP"]
[SourceTitle "playchess.com"]
[Source "ChessBase"]
[SourceQuality "1"]
[TimeControl "40/5400+30:1800+30"]

1. d4 e6 2. e4 d5 3. exd5 exd5 4. Nf3 Nc6 5. Bf4 Bg4 6. c3 {[%emt 0:00:15] C01: French: Exchange Variation.} Qe7+ 7. Be3 Qf6 {[%emt 0:03:21] [#]} 8. Be2 $146 ({Predecessor:} 8. Bd3 Bxf3 9. Qxf3 Qxf3 10. gxf3 O-O-O 11. Nd2 Nf6 12. O-O-O Nd7 13. Rde1 Nb6 14. Kc2 g6 15. Bg5 {1-0 (28) Mikalsen,O (1576)-Pedersen,B (1245) Alta 2006}) 8... Bd6 9. h3 Be6 10. Nbd2 h6 11. Nb3 Nge7 12. Qd3 (12. O-O {keeps more tension.} O-O-O 13. Nc5 Nf5 14. Bd3) 12... Bf5 13. Qd2 b6 14. Bf4 Ng6 15. Bxd6 Qxd6 16. O-O O-O 17. Nh2 Nf4 18. Bf3 Rae8 19. Rae1 Be4 (19... Ne7 $5 20. Nc1 c5 $15) 20. Bxe4 dxe4 21. f3 f5 22. fxe4 fxe4 (22... Rxe4 23. Rxe4 fxe4 24. Qe3 $16) 23. Ng4 h5 (23... Nd3 24. Rxf8+ Qxf8 25. Rf1 $11) 24. Ne3 (24. Ne5 $2 Nxe5 25. dxe5 Qxe5 $19) 24... Qg6 (24... Nd3 25. Rxf8+ Rxf8 26. Rf1 $11) 25. Kh1 (25. Kh2 $15 {might be stronger.}) 25... Qg3 (25... Ne7 $1 $17) 26. Nc1 $1 $11 Qg6 27. Rf2 Ne7 28. Ref1 Qg5 29. c4 {[%emt 0:06:59] [#]} Neg6 (29... Nf5 $1 $17 {[%cal Rf5g3] Hoping for ...Ng3+.} 30. Nxf5 Rxf5) 30. Ne2 (30. b3 {feels hotter.} Nh4 31. Nd5 e3 32. Nxe3 Nfxg2 33. Rxf8+ Rxf8 34. Rxf8+ Kxf8 35. Qf2+) 30... Nxe2 31. Rxf8+ Rxf8 32. Rxf8+ Kxf8 33. Qxe2 {[%emt 0:00:07][%mdl 4096] Endgame KQN-KQN} Kg8 34. Nd5 c6 (34... Qc1+ {is interesting.} 35. Kh2 c6 36. Qxe4 cxd5 37. Qxd5+ Kh7) 35. Nc3 e3 36. Qf3 c5 37. dxc5 bxc5 38. Nd5 Nh4 $1 39. Qe4 Nf5 40. Kg1 g6 41. Qe8+ Kg7 42. Qe5+ $1 Kf7 43. Qc7+ $1 Kg8 44. Qb8+ (44. Qxa7 $2 e2 45. Qb8+ Kh7 46. Qc7+ (46. Kf2 $2 Qh4+ 47. Kxe2 Qxc4+ 48. Kf2 Qd4+ 49. Kf1 Qxd5 $19) 46... Ng7 $19) (44. Qf4 $1 $14 Qxf4 45. Nxf4) 44... Kg7 $2 (44... Kf7 $1 $11 {and Black has nothing to worry.} 45. Qxa7+ Ke6 46. Nc7+ (46. Qxc5 e2 $11) 46... Kf7) 45. Qxa7+ $18 Kh6 {[%emt 0:00:50] [#] ( -> ...e2)} 46. Qb8 $1 ({And not} 46. Qxc5 e2 47. Qf8+ Kh7 48. Qf7+ Kh6 49. Qf8+ Kh7 50. Qf7+ Kh6 51. Qf8+ $11) 46... Kh7 {[%emt 0:00:57] Inhibits Qh8+. White must now prevent ...e2.} 47. Qc7+ Kg8 {[%emt 0:00:12] [#] Strongly threatening ...e2.} 48. Qc8+ $2 ({Stronger than} 48. Qxc5 e2 49. Kf2 (49. Qc8+ Kh7 $11) 49... Qxg2+ 50. Kxg2 e1=Q $11) ({White must play} 48. Qf4 $1 $18 Qd8 49. Nxe3) 48... Kh7 $11 {[%emt 0:00:22] The position is equal.} 49. Qd7+ Kh6 {[%emt 0:00:55] And now ...Nh4 would win.} 50. Qe8 Qg3 51. Qf8+ Kg5 52. Qf6+ Kh6 53. Qf8+ Kg5 54. Qf6+ Kh6 {[%emt 0:44:46] Weighted Error Value: White=0.13 (very precise) /Black=0.18 (very precise)} 1/2-1/2

[Event "1st Chessable Sunway Formentera 2022"]
[Site "Formentera Punta Prima"]
[Date "2022.05.06"]
[Round "8.2"]
[White "Gukesh D"]
[Black "Song, Julien"]
[Result "1-0"]
[ECO "D32"]
[WhiteElo "2659"]
[BlackElo "2388"]
[Annotator "TA"]
[PlyCount "135"]
[EventDate "2022.05.05"]
[EventType "swiss"]
[EventCountry "ESP"]
[SourceTitle "playchess.com"]
[Source "ChessBase"]
[SourceQuality "1"]
[TimeControl "40/5400+30:1800+30"]

1. d4 d5 2. c4 e6 3. Nc3 c5 4. cxd5 exd5 5. Nf3 Nc6 6. a3 {[%emt 0:01:03] D32: Tarrasch Defence: Sidelines and lines without g3.} Nf6 7. g3 c4 {[%emt 0:01:49] [#]} 8. Bg5 $146 {[%emt 0:01:17] The position is equal.} ({Predecessor:} 8. Bg2 Qb6 9. O-O Be7 10. Qc2 O-O 11. Be3 g6 12. Ne5 Bf5 13. Qc1 Rad8 14. g4 Bxg4 15. Nxg4 Nxg4 16. Nxd5 {1-0 (62) Bevan,P (1990)-Primrose,J (1989) ICCF email 2016}) 8... Be7 9. Bg2 O-O 10. e3 h6 11. Bxf6 Bxf6 12. Ng1 $1 Be6 13. Nge2 Ne7 14. O-O g5 15. b3 Rc8 16. Qd2 cxb3 17. Rfb1 Qb6 (17... Rc4 $14) 18. a4 $16 Qb4 19. Qb2 b6 20. Ra3 Rc4 21. Rxb3 Qd6 22. Qa2 Rfc8 23. a5 $1 bxa5 24. Qxa5 Qd7 25. Rb7 Qc6 26. R1b3 {[%emt 0:00:52] White is much more active.} ({Much less strong is} 26. Qxa7 Rxc3 27. Nxc3 (27. Rxe7 Rc2 $15) 27... Qxc3 $16) 26... Rc7 27. Qxa7 Qd7 28. Rxc7 Rxc7 29. Qa4 Qc8 30. Qb4 Kg7 31. Rb1 h5 32. Na4 Rc4 (32... Bf5 $142) 33. Qb3 {[%emt 0:00:56] Black must now prevent Nb6.} Qa6 34. Nec3 {[%emt 0:01:33] Bf1 is the strong threat. Pair of Knights!} Qa5 35. Bf1 Rc8 36. Qb4 Qxb4 37. Rxb4 h4 38. Rb5 h3 39. Nc5 Bg4 40. Be2 Bxe2 41. Nxe2 Ra8 {[%emt 0:06:49] ( -> ...Ra1+)} 42. Rb1 {[%emt 0:00:07] Against Ra1} Ra2 43. Kf1 g4 44. Nd3 Nf5 (44... Ra3 $16) 45. Nb4 (45. Nc3 $1 $18 Ra3 46. Nb5 $1 (46. Rc1 Nxd4 47. exd4 Bxd4 $14)) 45... Ra5 46. Nc3 Ne7 (46... Bxd4 $16 {keeps fighting.} 47. exd4 Nxd4 48. Nbxd5 Nf3) 47. Ke2 Bg5 48. Kd3 f5 49. Nc2 (49. Kc2 $18) 49... Kf7 (49... Ng8 $16 50. Rb7+ Kf8) 50. Rb6 (50. Na1 $18) 50... Ra8 (50... Ng8 $16) 51. Kd2 $18 Ra5 52. Rd6 Kg7 53. Kc1 Bf6 54. Kb2 f4 (54... Ra8 $142 55. Nxd5 Rb8+ 56. Ndb4 Nc8 57. Rd7+ Kg6) 55. exf4 ({Less strong is} 55. gxf4 Bh4 $18) 55... Nf5 $2 (55... Kf7 56. Kc1 Kg6) 56. Rxd5 Rxd5 57. Nxd5 Bxd4+ 58. Nxd4 Nxd4 {[%emt 0:00:03][%mdl 4096] Endgame [#] KN-KN} 59. Ne3 $1 Kg6 60. Nxg4 Kf5 61. Ne5 Ke4 62. Kc3 Nf3 63. Nxf3 {[%emt 0:00:22] White mates.} Kxf3 64. f5 Kg2 65. f6 Kxh2 66. f7 Kg1 67. f8=Q h2 68. Qh6 {[%emt 0:00:05] Weighted Error Value: White=0.12 (very precise) /Black=0.26 (precise)} 1-0

[Event "1st Chessable Sunway Formentera 2022"]
[Site "Formentera Punta Prima"]
[Date "2022.05.06"]
[Round "8.3"]
[White "Cuenca Jimenez, Jose Fernando"]
[Black "Santos Ruiz, Miguel"]
[Result "1/2-1/2"]
[ECO "C78"]
[WhiteElo "2551"]
[BlackElo "2586"]
[Annotator "TA"]
[PlyCount "33"]
[EventDate "2022.05.05"]
[EventType "swiss"]
[EventCountry "ESP"]
[SourceTitle "playchess.com"]
[Source "ChessBase"]
[SourceQuality "1"]
[TimeControl "40/5400+30:1800+30"]

1. e4 e5 2. Nf3 Nc6 3. Bb5 a6 4. Ba4 Nf6 5. O-O b5 6. Bb3 Bc5 7. c3 d6 8. a4 Rb8 9. d4 Bb6 10. a5 {[%emt 0:00:13] C78: Ruy Lopez: Archangelsk and Möller Defences.} (10. Na3 $14 {is superior.}) 10... Ba7 $1 $11 ({Resist} 10... Nxa5 11. Rxa5 Bxa5 12. dxe5 $14) (10... Bxa5 $2 11. dxe5 (11. d5 Ne7 $18) 11... dxe5 12. Qxd8+ Kxd8 13. Bd5 (13. Bxf7 Bb6 $16) 13... Nxd5 14. exd5 $18) 11. h3 O-O 12. Be3 {[%emt 0:00:18] White has an edge.} Re8 {[%emt 0:00:27] Nowadays more popular than 12...Ra8.} 13. Ng5 Rf8 14. Nf3 Re8 15. Ng5 Rf8 16. Nf3 Re8 {[%emt 0:00:03] [#]} 17. Ng5 $146 {[%emt 0:00:05] Weighted Error Value: White=0.23 (precise) /Black=0.05 (flawless)} ({White should try} 17. dxe5 $14 Bxe3 18. exf6) ({Predecessor:} 17. Re1 exd4 18. cxd4 Nxe4 19. d5 Bxe3 20. Rxe3 Na7 21. Qd4 Bf5 22. Nbd2 Nc5 23. Rxe8+ Qxe8 24. Re1 Qf8 25. Bd1 b4 {½-½ (54) Grischuk,A (2777)-Caruana,F (2842) Ekaterinburg 2020}) 1/2-1/2

[Event "1st Chessable Sunway Formentera 2022"]
[Site "Formentera Punta Prima"]
[Date "2022.05.06"]
[Round "8.4"]
[White "Martirosyan, Haik M."]
[Black "Sasikiran, Krishnan"]
[Result "1/2-1/2"]
[ECO "D43"]
[WhiteElo "2652"]
[BlackElo "2651"]
[Annotator "TA"]
[PlyCount "65"]
[EventDate "2022.05.05"]
[EventType "swiss"]
[EventCountry "ESP"]
[SourceTitle "playchess.com"]
[Source "ChessBase"]
[SourceQuality "1"]
[TimeControl "40/5400+30:1800+30"]

1. d4 d5 2. c4 c6 3. Nf3 Nf6 4. Nc3 e6 5. Bg5 h6 6. Bxf6 Qxf6 7. e3 Nd7 8. Bd3 dxc4 9. Bxc4 g6 10. O-O Bg7 11. Ne4 {[%emt 0:00:18] D43: Semi-Slav: 5 Bg5 h6.} Qe7 12. Qc2 O-O 13. Bb3 a5 14. Rac1 {[%emt 0:00:27] [#]} Nf6 $146 ({Predecessor:} 14... e5 15. Rfe1 Kh7 16. Nc3 Rb8 17. Rcd1 b5 18. a4 Ba6 19. h4 b4 20. Ne2 c5 21. dxe5 Nxe5 22. Nxe5 Qxe5 {½-½ (45) Flatz,H (2294)-Spiegel,W (2391) ICCF email 2015}) 15. Ned2 Rd8 16. e4 Nd7 17. Rfe1 e5 18. d5 a4 19. Bxa4 cxd5 20. Bb3 Nf6 21. Qc7 Qxc7 22. Rxc7 Bf8 23. exd5 ({Don't play} 23. Nxe5 Bd6 24. Nxf7 Bxc7 $15) 23... Nxd5 24. Rcc1 Nf4 {[%emt 0:05:56] aiming for ...Nd3.} 25. Re3 ({But not} 25. Rxe5 $2 Nd3 26. Rce1 Nxe1 27. Rxe1 Bg7 $19) 25... Be6 26. Bxe6 {[%emt 0:08:47] The position is equal.} Nxe6 27. Rxe5 Rxa2 28. Rb5 Nd4 29. Nxd4 Rxd4 30. Nf3 Rb4 31. Rxb4 Bxb4 32. Rb1 $1 f6 33. Kf1 {[%emt 0:00:34] A rather calm draw.  Weighted Error Value: White=0.06 (flawless) /Black=0.04 (flawless)} 1/2-1/2